 Dungeon Crawl Stone Soup version 0.29.1-13-g9f3cf754e1 (webtiles) character file.

Game seed: 17578540156375533155

4860 zlionsfan the Cruncher (level 10, -8/79 HPs)
             Began as a Mummy Chaos Knight on Jan 28, 2023.
             Was a Plaything of Xom.
             Mangled by a two-headed ogre
             ... wielding a +0 giant club
              (10 damage)
             ... on level 9 of the Dungeon.
             The game lasted 00:22:27 (8953 turns).

zlionsfan the Cruncher (Mummy Chaos Knight)         Turns: 8953, Time: 00:22:28

Health: -8/79      AC: 20    Str: 24    XL:     10   Next: 26%
Magic:  10/10      EV: 12    Int: 13    God:    Xom [...*..]
Gold:   1585       SH:  0    Dex: 12    Spells: 9/9 levels left

rFire   + . .      SeeInvis .   h - +7 staff of the Meek {protect, meekguard}
rCold   + + .      Faith    .   (shield currently unavailable)
rNeg    + + +      Spirit   .   b - +2 leather armour
rPois   ∞          Reflect  .   (no helmet)
rElec   .          Harm     .   (no cloak)
rCorr   .          Rampage  .   u - +0 pair of gloves
Will    +....                   (no boots)
Stlth   +.........              m - amulet of Benevolence {RegenMP rF++ Str+6}
HPRegen 0.23/turn               f - ring of protection from cold
MPRegen 0.52/turn               (no ring)

@: under a protective aura
A: cold resistance 1, negative energy resistance 3, torment resistance 2, heat
vulnerability 1, in touch with death 1, no potions
a: Renounce Religion


You were on level 9 of the Dungeon.
You worshipped Xom.
You were a favourite toy of Xom.
You visited 2 branches of the dungeon, and saw 10 of its levels.
You also visited: Sewer.

You collected 1585 gold pieces.

Inventory:

Hand Weapons
 a - a +0 mace of chaos
 h - the +7 staff of the Meek (weapon) {protect, meekguard}
   (You found it on level 3 of the Dungeon)

   It grants its wielder temporary protection when it strikes (+7 to AC).
   It provides extra protection to wielders with little health.
Armour
 b - a +2 leather armour (worn)
 u - a +0 pair of gloves (worn)
Jewellery
 f - a ring of protection from cold (left hand)
 m - the amulet of Benevolence (around neck) {RegenMP rF++ Str+6}
   (Xom gifted it to you on level 4 of the Dungeon)

   [amulet of magic regeneration]

   It increases your rate of magic regeneration.
   Str:       It affects your strength (+6).
   rF:        It greatly protects you from fire.
 r - an amulet of the acrobat
Wands
 e - a wand of roots (9)
 g - a wand of charming (6)
 p - a wand of mindburst (11)
 q - a wand of flame (40)
 t - a wand of polymorph (7)
Scrolls
 d - 2 scrolls of brand weapon
 j - 2 scrolls of fear
 k - 2 scrolls of immolation
 l - 2 scrolls of teleportation {unknown}
 n - a scroll of summoning {unknown}
 o - a scroll of magic mapping {unknown}
 v - a scroll of amnesia {unknown}
Miscellaneous
 c - a piece from Xom's chessboard (15/15) (quivered)
 i - a lightning rod (4/4)


   Skills:
 * Level 7.5 Fighting
 + Level 3.6(7.1) Maces & Flails
 * Level 9.5(9.8) Staves
 + Level 3.5 Armour
 + Level 3.5 Dodging
 + Level 1.6 Stealth
 + Level 1.1 Evocations


You had 9 spell levels left.
You didn't know any spells.
Your spell library contained the following spells:

 Spells                   Type           Power      Damage    Failure   Level
 Poisonous Vapours        Pois/Air       0%         N/A       45%         2
 Call Canine Familiar     Summ           0%         N/A       71%         3
 Frozen Ramparts          Ice            0%         1d1       71%         3
 Ignite Poison            Fire/Tmut/Pois 0%         N/A       71%         3
 Mephitic Cloud           Conj/Pois/Air  0%         N/A       71%         3
 Portal Projectile        Hex/Tloc       0%         N/A       71%         3
 Animate Armour           Summ/Erth      0%         N/A       98%         4
 Corpse Rot               Necr/Pois/Air  0%         N/A       98%         4
 Leda's Liquefaction      Hex/Erth       0%         N/A       98%         4
 Summon Ice Beast         Ice/Summ       0%         N/A       98%         4
 Freezing Cloud           Conj/Ice/Air   0%         6-21      100%        5
 Irradiate                Conj/Tmut      0%         3d11      100%        5
 Iron Shot                Conj/Erth      0%         9d1       100%        6
 Ice Form                 Ice/Tmut       Unusable   N/A       N/A         4
 Blade Hands              Tmut           Unusable   N/A       N/A         5
 Dragon Form              Tmut           Unusable   N/A       N/A         7

Dungeon Overview and Level Annotations

Branches:
Dungeon (9/15)             Temple (1/1) D:6           Sewer (visited)
   Lair: D:8-11         Orc: D:9-12

Altars:
Ashenzari
Cheibriados
Dithmenos
Gozag
Hepliaklqana
Kikubaaqudgha
Makhleb
Okawaru
Qazlal
Ru
Sif Muna
Trog
Uskayaw
Vehumet
Wu Jian
Xom
Yredelemnul

Annotations:
D:2 Sigmund
D:3 1 runed translucent door, Feihao's ghost, amateur MiBe
D:6 3 runed translucent doors, Legacy's ghost, novice MiBe


Innate Abilities, Weirdness & Mutations

You are immune to poison.
Your flesh is cold resistant. (rC+)
You are immune to negative energy. (rN+++)
You are immune to unholy pain and torment.
You are vulnerable to heat. (rF-)
You are in touch with the powers of death.
You do not drink.


Message History

Nothing appears to happen.
You hear some strange, mumbled words.
You hit something but do no damage. Something hits you but does no damage.
Space warps horribly around you!!
You closely miss something. Something hits you.
You hit something.
Reactivating autopickup.
You feel a bit more experienced.
Aiming: Fastroot
Press: ? - help, Shift-Dir - straight line, f/p - two-headed ogre
Aim: a two-headed ogre, wielding two +0 giant spiked clubs (lightly wounded)
The roots erupt in riotous growth!
Roots grab the two-headed ogre.
Roots grab the gnoll.
The grasping roots constrict the two-headed ogre.
The grasping roots constrict the gnoll.
The two-headed ogre struggles to escape constriction.
Aiming: Mindburst
Press: ? - help, Shift-Dir - straight line, f/p - two-headed ogre
Aim: a two-headed ogre, wielding two +0 giant spiked clubs (lightly wounded, constricted by roots, chance to affect: 51%)
The two-headed ogre's minds are blasted!!
The grasping roots constrict the two-headed ogre.
The grasping roots constrict the gnoll.
The roots release their grip on the gnoll.
The two-headed ogre struggles to escape constriction.
Aiming: Mindburst
Press: ? - help, Shift-Dir - straight line, f/p - two-headed ogre
Aim: a two-headed ogre, wielding two +0 giant spiked clubs (severely wounded, constricted by roots, chance to affect: 51%)
The two-headed ogre's minds are blasted!
The grasping roots constrict the two-headed ogre.
You kill the two-headed ogre!
Your Evocations skill increases to level 1!
Items here: ))) [ †.
Deactivating autopickup; reactivate with Ctrl-A.
You sock something! Something hits you!!
* * * LOW HITPOINT WARNING * * *
Something hits you but does no damage.
You sock something!
The gnoll throws a stone.
Something hits you!
* * * LOW HITPOINT WARNING * * *
Something hits you!
You die...

.##.#,,,,, ** .. ..
, ,,,, ,,, , ..# ,,
,,,,, ** * #..
.#... ,** ..g #...#
* *#. ##)# #... *,
######.. ##.g.#
...#.**,,...#..#
###).# #..#
.#####.#>######..)#
#..#
.!.........@)g..###
...##
#........######
....# #........#
###.####........# #
#.............#
######........#
#........#
#........#
#........#


You could see a gnoll.

Vanquished Creatures
  2 two-headed ogres (D:9)
  Joseph (D:7)
  Psyche (D:9)
  A wyvern (D:8)
  A shadow (D:9)
  2 steam dragons
  An ice beast (D:8)
  A sky beast (D:7)
  A wolf (D:9)
  A centaur (D:9)
  A phantom (D:5)
  4 bullfrogs
  A kobold brigand (D:8)
  2 necrophages
  2 scorpions
  4 wights (D:7)
  2 jellies (D:6)
  3 orc priests
  4 hounds
  A gnoll bouda (D:5)
  2 iguanas
  Ijyb (D:4)
  A hell rat (Sewer)
  13 orc wizards
  17 gnolls
  7 adders
  2 shadow imps (D:6)
  2 white imps (D:8)
  An ufetubus (D:6)
  2 worms
  A dart slug (D:1)
  40 orcs
  10 bats
  8 endoplasms
  4 giant cockroaches
  5 hobgoblins
  4 jackals (D:1)
  3 quokkas
  7 ball pythons
  10 goblins
  17 kobolds
  15 rats
208 creatures vanquished.

Vanquished Creatures (others)
  A two-headed ogre (D:9)
1 creature vanquished.

Grand Total: 209 creatures vanquished

Notes
Turn   | Place    | Note
-------+----------+-------------------------------------------
     0 | D:1      | zlionsfan the Mummy Chaos Knight began the quest for the
                  | Orb.
     0 | D:1      | Reached XP level 1. HP: 18/18 MP: 1/1
    10 | D:1      | XOM: potion effect (curing)
    28 | D:1      | XOM: divination: detect items
   102 | D:1      | Reached XP level 2. HP: 24/24 MP: 2/2
   123 | D:1      | Reached skill level 1 in Dodging
   174 | D:1      | XOM: silly message
   345 | D:1      | XOM: divination: magic mapping
   478 | D:1      | XOM: 2-stop teleportation journey
   647 | D:1      | Gained mutation: You are in touch with the powers of death.
                  | [Mummy growth]
   647 | D:1      | Reached XP level 3. HP: 28/29 MP: 3/3
   649 | D:1      | XOM: smoke on damage
   971 | D:2      | XOM: scenery: create altars
  1044 | D:2      | XOM: summons 2 hostile demons
  1149 | D:2      | XOM: cloud trail
  1176 | D:2      | Noticed Sigmund
  1176 | D:2      | XOM: 3-stop teleportation journey
  1183 | D:2      | Noticed Sigmund
  1183 | D:2      | Sigmund changed into Sigmund the glowing shapeshifter
  1184 | D:2      | Noticed Sigmund
  1184 | D:2      | Sigmund the glowing shapeshifter changed into Sigmund the
                  | slime creature
  1442 | D:3      | Found a basalt altar of Yredelemnul.
  1462 | D:3      | Found the +7 staff of the Meek {protect, meekguard}
  1508 | D:3      | Reached XP level 4. HP: 28/35 MP: 4/4
  1617 | D:3      | Found a runed translucent door.
  1662 | D:3      | Noticed Feihao's ghost (amateur MiBe)
  1772 | D:3      | Found a burning altar of Makhleb.
  1793 | D:3      | Noticed a scorpion
  1804 | D:3      | XOM: potion effect (invisibility)
  1807 | D:3      | Killed a scorpion
  1808 | D:3      | Reached skill level 1 in Staves
  1808 | D:3      | Reached XP level 5. HP: 36/42 MP: 5/5
  2262 | D:3      | XOM: god gift: lightning rod (4/4)
  2408 | D:4      | XOM: summons 3 hostile demons
  2485 | D:4      | Found an iron altar of Okawaru.
  2621 | D:4      | XOM: cast spell 'Alistair's Intoxication'
  2634 | D:4      | Found a glowing drain.
  2638 | Sewer    | Entered a sewer
  2678 | Sewer    | Reached skill level 2 in Staves
  2789 | D:4      | XOM: 2-stop teleportation journey
  2954 | D:4      | Found a hide-covered altar of Uskayaw.
  2976 | D:4      | Reached XP level 6. HP: 33/48 MP: 6/6
  2985 | D:4      | XOM: god gift: 7 stones
  3183 | D:4      | Reached skill level 3 in Staves
  3190 | D:4      | XOM: potion effect (invisibility)
  3238 | D:4      | XOM: silly message
  3253 | D:4      | Identified a scroll of acquirement
  3254 | D:4      | Acquired 1059 gold pieces
  3270 | D:4      | Reached XP level 7. HP: 15/55 MP: 7/7
  3385 | D:4      | XOM: silly message
  3479 | D:4      | XOM: silly message
  3593 | D:4      | Identified the amulet of Benevolence {RegenMP rF++ Str+6}
                  | (Xom gifted it to you on level 4 of the Dungeon)
  3593 | D:4      | XOM: god gift: amulet of Benevolence {RegenMP rF++ Str+6}
  3622 | D:4      | Reached skill level 4 in Staves
  3650 | D:4      | Noticed Ijyb
  3660 | D:4      | Killed Ijyb
  3761 | D:4      | XOM: divination: detect creatures
  4404 | D:5      | Entered Level 5 of the Dungeon
  4482 | D:5      | XOM: noise
  4485 | D:5      | Reached skill level 5 in Fighting
  4560 | D:5      | XOM: cloud trail
  4928 | D:5      | Reached skill level 5 in Staves
  5058 | D:5      | XOM: silly message
  5160 | D:5      | Reached XP level 8. HP: 60/62 MP: 8/8
  5202 | D:6      | XOM: noise
  5478 | D:6      | XOM: scenery: create altars
  5689 | D:6      | XOM: enchant monster (good)
  5712 | D:6      | Found a runed translucent gate.
  5712 | D:6      | Found a runed translucent gate.
  5712 | D:6      | Found a runed translucent gate.
  5713 | D:6      | Noticed Legacy's ghost (novice MiBe)
  5749 | D:6      | Found a shimmering blue altar of Sif Muna.
  5852 | D:6      | Reached skill level 6 in Staves
  5854 | D:6      | Reached skill level 1 in Stealth
  5929 | D:6      | Found a staircase to the Ecumenical Temple.
  6079 | Temple   | Entered the Ecumenical Temple
  6173 | Temple   | XOM: silly message
  6262 | Temple   | XOM: silly message
  6366 | D:7      | XOM: potion effect (might)
  6890 | D:7      | Reached skill level 7 in Staves
  6904 | D:7      | Found an opulent altar of Gozag.
  6939 | D:7      | XOM is BORED!
  6939 | D:7      | XOM: silly message
  6940 | D:7      | XOM: divination: detect items
  6987 | D:7      | Reached XP level 9. HP: 50/69 MP: 9/9
  7197 | D:7      | XOM is BORED!
  7197 | D:7      | XOM: 7-stop teleportation journey
  7299 | D:7      | Noticed Joseph
  7305 | D:7      | XOM: potion effect (heal wounds)
  7315 | D:7      | Killed Joseph
  7497 | D:7      | XOM: divination: magic mapping
  8146 | D:8      | Noticed an angel
  8159 | D:8      | Reached skill level 8 in Staves
  8476 | D:9      | Noticed Psyche
  8479 | D:9      | XOM: divination: magic mapping
  8662 | D:9      | Noticed a two-headed ogre
  8916 | D:9      | XOM: polymorph gnoll sergeant -> wolf
  8923 | D:9      | Noticed a two-headed ogre
  8925 | D:9      | Noticed a two-headed ogre
  8943 | D:9      | Killed a two-headed ogre
  8944 | D:9      | Reached skill level 9 in Staves
  8944 | D:9      | Reached XP level 10. HP: 62/79 MP: 10/10
  8947 | D:9      | Killed Psyche
  8950 | D:9      | Killed a two-headed ogre
  8951 | D:9      | Reached skill level 1 in Evocations
  8953 | D:9      | HP: 2/79 [something (12)]
  8953 | D:9      | Mangled by a two-headed ogre

Illustrated notes

Levels and vault maps discovered:
D:1:      wander_arrival_lonely_grave, layout_basic
D:2:      layout_loops_cross, uniq_sigmund, uniq_crazy_yiuf_cottage
D:3:      layout_loops_ring, mainiacjoe_overflow_six_doors_small,
          lemuel_round_altar, ebering_ghost_sewer_d
D:4:      layout_basic, okawaru_trees_2, mainiacjoe_overflow_chevrons,
          gup_sewer_entry_bowl, uniq_ijyb
D:5:      layout_loops_ring, kennysheep_little_box,
          nicolae_tso_carved_into_rock, st_stairs_12, kennysheep_generic_room_15
D:6:      layout_basic, mainiacjoe_overflow_small_starburst,
          minmay_temple_entry_enclosed_plants, ebering_ghost_rock_garden,
          solitary_fountain, grunt_ministairs_12
D:7:      layout_cave_pods, amcnicky_altar_gilded, uniq_joseph
D:8:      layout_cave_pools, zin_angel
D:9:      layout_rooms, dilly_guarded_unrand_devastator, uniq_psyche
Temple:   bh_familiar_temple

Skill      XL: |  1  2  3  4  5  6  7  8  9 10 |
---------------+-------------------------------+-----
Dodging        | 1 2 3 |  3.5
Maces & Flails | 3 |  3.6
Staves         | 1 2 3 5 7 9 |  9.5
Armour         | 2 3 |  3.5
Fighting       | 4 5 6 7 |  7.5
Stealth        | 1 |  1.6
Evocations     | 1 |  1.1

Action                   |  1- 3 |  4- 6 |  7- 9 | 10-12 || total
-------------------------+-------+-------+-------+-------++-------
Melee: Mace              |   124 |       |       |       ||   124
       Punch             |     1 |       |       |       ||     1
       Quarterstaff      |     9 |   140 |   343 |     5 ||   497
Evoke: Wand              |       |       |    12 |     4 ||    16
  Use: Scroll            |       |     3 |     4 |       ||     7
 Stab: Sleeping          |       |       |     1 |       ||     1
       Paralysed         |       |       |     3 |       ||     3
Armor: Leather armour    |    75 |   125 |   145 |     2 ||   347
Dodge: Dodged            |    85 |   107 |   210 |       ||   402
